 Dungeon Crawl Stone Soup version 0.25-a0-294-gea9b1ad378 (webtiles) character file.

Game seed: 4401088071455810616, levelgen mode: deterministic

4736 kae the Basher (level 10, -1/77 HPs)
             Began as a Minotaur Fighter on Dec 19, 2019.
             Was a Priest of Okawaru.
             Slain by a killer bee (7 damage)
             ... on level 9 of the Dungeon.
             The game lasted 00:10:14 (9237 turns).

kae the Basher (Minotaur Fighter)                   Turns: 9237, Time: 00:10:15

Health: -1/77      AC: 10    Str: 31    XL:     10   Next: 22%
Magic:  15/15      EV:  7    Int:  1    God:    Okawaru [***...]
Gold:   333        SH: 10    Dex: 13    Spells: 9/9 levels left

rFire    . . .     SeeInvis .   a - +1 flail
rCold    + . .     Gourm    .   c - +0 shield
rNeg     . . .     Faith    .   b - +0 scale mail
rPois    .         Spirit   .   q - +2 hat
rElec    .         Reflect  .   (no cloak)
rCorr    .         Harm     .   d - +0 pair of gloves of Hoedo {Str+7 Int-4 Dex+3} (curse)
MR       .....                  (no boots)
Stlth    ..........             (no amulet)
HPRegen  0.22/turn              l - ring of protection from cold
MPRegen  0.14/turn              (no ring)

@: no status effects
A: retaliatory headbutt, horns 2
a: Heroism, Renounce Religion


You were on level 9 of the Dungeon.
You worshipped Okawaru.
Okawaru was most pleased with you.
You were hungry.

You visited 2 branches of the dungeon, and saw 10 of its levels.

You collected 567 gold pieces.
You spent 234 gold pieces at shops.

Inventory:

Hand Weapons
 a - a +1 flail (weapon)
Armour
 b - a +0 scale mail (worn)
 c - a +0 shield (worn)
 d - the cursed +0 pair of gloves of Hoedo (worn) {Str+7 Int-4 Dex+3}
   (You found it on level 8 of the Dungeon)

   It affects your strength (+7).
   It affects your intelligence (-4).
   It affects your dexterity (+3).
   It has a curse placed upon it.
 q - a +2 hat (worn)
 C - the +2 ring mail of Pezuut {*Corrode Int+9 Slay-2 SInv}
   (You bought it in a shop on level 7 of the Dungeon)

   It affects your intelligence (+9).
   It affects your accuracy and damage with ranged weapons and melee attacks
   (-2).
   It lets you see invisible.
   It may corrode you when you take damage.
Jewellery
 e - an uncursed ring of fire
 l - a ring of protection from cold (left hand)
 B - the ring "Peoteish" {*Slow rC+ Str+3 Stlth+, unknown}
   (You found it on level 7 of the Dungeon)

   [ring of strength]

   It affects your strength (+3).
   It protects you from cold.
   It may slow you when you take damage.
   It makes you more stealthy.
 E - the ring of Ideimp {rN+ Int+3 SInv Stlth+, unknown}
   (You found it on level 8 of the Dungeon)

   [ring of see invisible]

   It affects your intelligence (+3).
   It protects you from negative energy.
   It lets you see invisible.
   It makes you more stealthy.
Wands
 h - a wand of polymorph (6)
 p - a wand of acid (9)
 t - a wand of flame (12)
 w - a wand of scattershot (5)
 z - a wand of paralysis (11)
 G - a wand of enslavement (10)
Scrolls
 g - 2 scrolls of magic mapping
 i - 5 scrolls of teleportation
 j - 5 scrolls of identify
 m - 6 scrolls of remove curse
 y - a scroll of enchant weapon
 A - a scroll of summoning {unknown}
 F - a scroll of amnesia {unknown}
 K - a scroll of acquirement {unknown}
Potions
 k - 2 potions of brilliance
 n - a potion of magic
 o - a potion of invisibility
 r - a potion of degeneration
 s - 2 potions of cancellation
 u - a potion of curing
 v - a potion of haste
 x - a potion of lignification {unknown}
 D - a potion of ambrosia {unknown}
 H - a potion of berserk rage {unknown}
 I - a potion of agility
Comestibles
 f - 17 rations


   Skills:
 - Level 3.6 Fighting
 - Level 14.0 Maces & Flails
 - Level 3.6 Armour
 - Level 3.6 Shields
 + Level 8.9 Invocations


You had 9 spell levels left.
You didn't know any spells.
Your spell library was empty.

Dungeon Overview and Level Annotations

Branches:
Dungeon (9/15)             Temple (1/1) D:6
   Lair: D:8-11         Orc: D:9-12

Altars:
Ashenzari
Cheibriados
Dithmenos
Elyvilon
Fedhas
Gozag
Hepliaklqana
Kikubaaqudgha
Makhleb
Nemelex Xobeh
Okawaru
Qazlal
Ru
Sif Muna
Trog
Uskayaw
Vehumet
Wu Jian
Xom
Yredelemnul
Zin
The Shining One

Shops:
D:7 [   D:9 *

Annotations:
D:6 1 exclusion, Blork the orc
D:9 Erolcha


Innate Abilities, Weirdness & Mutations

You reflexively headbutt those who attack you in melee.
You have a pair of horns on your head.


Message History

You miss the killer bee.
The killer bee is moderately wounded.
You block the killer bee's attack. The killer bee stings you.
* * * LOW HITPOINT WARNING * * *
You closely miss the killer bee. Your headbutt misses the killer bee.
The killer bee is moderately wounded.
The killer bee stings you but does no damage.
You hit the killer bee. You headbutt the killer bee!
You kill the killer bee!
Okawaru accepts your kill. You block the killer bee's attack.
You barely miss the killer bee. Your headbutt misses the killer bee.
The killer bee stings you.
* * * LOW HITPOINT WARNING * * *
You block the killer bee's attack.
You hit the killer bee but do no damage.
The killer bee stings you but does no damage.
You miss the killer bee. Your headbutt misses the killer bee.
You block the killer bee's attack. The killer bee stings you!
You die...

#.#########..####### #..
................ #..
................
..................>. ##
...##..#######... ##
#..##..# #...
#.##..##..# #...
#†##.##..#######...
#.#@#.##............
#y#%#y...............
#y#.###..............#
#y#.# #..###..........#
#.#.####................
..y##
#.................. ..
....?/.##............
###...###[########...
####.#####.# #...


You could see a killer bee.

Vanquished Creatures
  A two-headed ogre (D:8)
  Pikel (D:7)
  Prince Ribbit (D:9)
  A hippogriff (D:7)
  A spriggan (D:8)
  Eustachio (D:5)
  A black bear (D:7)
  An eye of draining (D:8)
  An ice beast (D:6)
  2 sky beasts
  3 slaves (D:7)
  3 ogres
  2 centaurs
  3 bullfrogs
  A wyvern zombie (D:7)
  A gnoll sergeant (D:7)
  A scorpion (D:6)
  15 killer bees (D:9)
  A howler monkey (D:9)
  2 crimson imps
  A centaur zombie (D:5)
  3 jellies
  5 orc priests
  A hound (D:7)
  A centaur skeleton (D:3)
  3 iguanas
  3 orc wizards
  3 worker ants
  2 hound zombies
  A hound skeleton (D:4)
  11 gnolls
  7 adders
  3 shadow imps
  An adder zombie (D:5)
  An adder skeleton (D:4)
  3 worms (D:2)
  6 dart slugs
  11 leopard geckos
  20 orcs
  A ball python (D:1)
  11 giant cockroaches
  5 goblins
  6 hobgoblins
  22 jackals
  5 quokkas
  5 bats
  7 frilled lizards
  A jackal skeleton (D:8)
  11 kobolds
  2 leopard gecko skeletons
  A quokka zombie (D:9)
  8 rats
214 creatures vanquished.

Vanquished Creatures (others)
  5 dream sheep (D:6)
  A goblin (D:3)
6 creatures vanquished.

Grand Total: 220 creatures vanquished

Notes
Turn   | Place    | Note
-------+----------+-------------------------------------------
     0 | D:1      | kae the Minotaur Fighter began the quest for the Orb.
     0 | D:1      | Reached XP level 1. HP: 19/19 MP: 0/0
    31 | D:1      | You fall into a shaft and drop 1 floor!
    53 | D:2      | Reached skill level 3 in Maces & Flails
   141 | D:2      | Found an opulent altar of Gozag.
   181 | D:2      | Reached XP level 2. HP: 23/26 MP: 1/1
   681 | D:1      | Reached skill level 4 in Maces & Flails
   745 | D:1      | Reached XP level 3. HP: 23/31 MP: 2/2
  1367 | D:1      | Reached skill level 5 in Maces & Flails
  1578 | D:2      | Reached XP level 4. HP: 33/39 MP: 3/3
  1903 | D:2      | Reached skill level 6 in Maces & Flails
  2194 | D:3      | Reached XP level 5. HP: 34/45 MP: 4/4
  2774 | D:2      | Reached skill level 7 in Maces & Flails
  2903 | D:3      | Found a glowing golden altar of the Shining One.
  2905 | D:3      | Noticed an angel
  2920 | D:3      | Reached XP level 6. HP: 47/51 MP: 5/5
  3024 | D:3      | Found a shadowy altar of Dithmenos.
  3201 | D:3      | Found a basalt altar of Yredelemnul.
  3203 | D:3      | Noticed a profane servitor
  3583 | D:4      | Reached skill level 8 in Maces & Flails
  3961 | D:5      | Entered Level 5 of the Dungeon
  4079 | D:5      | Noticed Eustachio
  4080 | D:5      | Reached skill level 9 in Maces & Flails
  4222 | D:5      | Killed Eustachio
  4222 | D:5      | Reached XP level 7. HP: 50/57 MP: 6/6
  4395 | D:5      | Reached skill level 10 in Maces & Flails
  4745 | D:6      | Noticed a dream sheep
  4745 | D:6      | Noticed a dream sheep
  4745 | D:6      | Noticed a dream sheep
  4745 | D:6      | Noticed a dream sheep
  4745 | D:6      | Noticed a dream sheep
  4745 | D:6      | Found a shimmering altar of Xom.
  4749 | D:6      | Killed a dream sheep
  4749 | D:6      | Killed a dream sheep
  4749 | D:6      | Killed a dream sheep
  4749 | D:6      | Killed a dream sheep
  4751 | D:6      | Killed a dream sheep
  4854 | D:6      | Found a staircase to the Ecumenical Temple.
  4874 | D:6      | Reached skill level 11 in Maces & Flails
  4888 | Temple   | Entered the Ecumenical Temple
  4960 | Temple   | Became a worshipper of Warmaster Okawaru
  5093 | D:6      | Found a hide-covered altar of Uskayaw.
  5187 | D:6      | Noticed Blork the orc
  5216 | D:6      | Found a shimmering blue altar of Sif Muna.
  5429 | D:7      | Reached XP level 8. HP: 57/64 MP: 7/7
  5798 | D:7      | Got a sparkling bronze ring
  5828 | D:7      | Found a hazy altar of Hepliaklqana.
  5874 | D:7      | Found Xoxt's Antique Armour Shoppe.
  5917 | D:7      | Bought a pitted ring mail for 234 gold pieces
  5927 | D:7      | Identified the +2 ring mail of Pezuut {*Corrode Int+9
                  | Slay-2 SInv} (You bought it in a shop on level 7 of the
                  | Dungeon)
  5968 | D:7      | Noticed a hippogriff
  5982 | D:7      | Killed a hippogriff
  5982 | D:7      | Reached skill level 12 in Maces & Flails
  6472 | D:8      | Reached * piety under Okawaru
  6472 | D:8      | Reached skill level 13 in Maces & Flails
  6663 | D:8      | Noticed Pikel
  6917 | D:7      | Killed Pikel
  6917 | D:7      | Reached ** piety under Okawaru
  6917 | D:7      | Reached skill level 14 in Maces & Flails
  6917 | D:7      | Reached XP level 9. HP: 34/70 MP: 8/8
  6925 | D:7      | Reached skill level 1 in Invocations
  7429 | D:8      | Noticed a two-headed ogre
  7932 | D:8      | Found a snail-covered altar of Cheibriados.
  7974 | D:8      | Got a clouded silver ring
  8346 | D:8      | Got a pair of warped gloves
  8352 | D:8      | Identified the cursed +0 pair of gloves of Hoedo {Str+7
                  | Int-4 Dex+3} (You found it on level 8 of the Dungeon)
  8369 | D:8      | Killed a two-headed ogre
  8369 | D:8      | Reached *** piety under Okawaru
  8594 | D:9      | Noticed Erolcha
  8686 | D:9      | Found a stormy altar of Qazlal.
  8693 | D:9      | Found a snail-covered altar of Cheibriados.
  8700 | D:9      | Noticed Prince Ribbit
  8714 | D:9      | Killed Prince Ribbit
  8734 | D:9      | Reached XP level 10. HP: 65/77 MP: 14/14
  8755 | D:9      | Found Ycoloiss's Assorted Antiques.
  9227 | D:9      | HP: 3/77 [killer bee (4)]
  9237 | D:9      | Slain by a killer bee

Levels and vault maps discovered:
D:1:      grunt_arrival_crossed_arrows, layout_basic,
          kennysheep_decorative_pillar, minivault_5, minmay_stone_trees_small
D:2:      layout_rooms, grunt_gozag_breadcrumbs
D:3:      layout_rooms, overflow_temple_1_default,
          grunt_temple_overflow_holy_war, first_ration
D:4:      layout_rooms, corexii_shack, hangedman_decor_diamond_cutter
D:5:      layout_basic, minmay_lizard_king, uniq_eustachio
D:6:      layout_cave_pools, kb_xom_exploding_sheep,
          eat_drink_and_be_merry_uskayaw, temple_hall, tgw_sif
D:7:      layout_loops_ring, kennysheep_mini, serial_shops,
          nicolae_shop_waterfront
D:8:      layout_cave_pools, basic_altar, grunt_pizzeria, uniq_pikel
D:9:      layout_long_grid, lemuel_doored_altar, lemuel_crystal_altar,
          serial_shops, nicolae_shop_overgrown_old_shop, minivault_7,
          uniq_erolcha, uniq_prince_ribbit1
Temple:   dshaligram_water_room_temple

Skill      XL: |  1  2  3  4  5  6  7  8  9 10 |
---------------+-------------------------------+-----
Maces & Flails | 3 4 5 6 7 9 11 14 | 14.0
Invocations    | 7 8 |  8.9
Fighting       | |  3.6
Armour         | |  3.6
Shields        | |  3.6

Action                   |  1- 3 |  4- 6 |  7- 9 | 10-12 || total
-------------------------+-------+-------+-------+-------++-------
Melee: Flail             |   126 |   166 |   310 |    99 ||   701
       Headbutt          |    11 |    22 |    56 |    19 ||   108
Evoke: Wand              |       |       |     4 |       ||     4
  Use: Potion            |     1 |     4 |     1 |     2 ||     8
       Scroll            |       |    12 |     2 |       ||    14
 Stab: Distracted        |       |       |     1 |       ||     1
  Eat: Chunk             |     2 |     9 |    13 |     2 ||    26
Armor: Scale mail        |    60 |    59 |    93 |    37 ||   249
Dodge: Dodged            |    39 |    59 |    78 |    29 ||   205
Block: Shield            |    75 |    79 |   150 |    60 ||   364

Table legend:
 A = Non-vault XP
 B = Vault XP
 C = Vault XP percentage of total XP
 D = Non-vault monster count
 E = Vault monster count
 F = Vault count percentage of total count
                 A         B        C        D         E       F
            +---------+---------+-------+---------+---------+-------
      Total |    4748 |    2019 |  29.8 |     190 |      21 |  10.0
            +---------+---------+-------+---------+---------+-------
        D:1 |      59 |       0 |   0.0 |      30 |       0 |   0.0
        D:2 |     211 |       0 |   0.0 |      33 |       0 |   0.0
        D:3 |     158 |       0 |   0.0 |      22 |       0 |   0.0
        D:4 |      62 |       0 |   0.0 |       9 |       0 |   0.0
        D:5 |     347 |     239 |  40.8 |      12 |       8 |  40.0
        D:6 |     323 |       0 |   0.0 |       7 |       0 |   0.0
        D:7 |     981 |     651 |  39.9 |      37 |       1 |   2.6
        D:8 |    1758 |     220 |  11.1 |      21 |       1 |   4.5
        D:9 |     849 |     909 |  51.7 |      19 |      11 |  36.7
            +---------+---------+-------+---------+---------+-------
